AoeStats
← _vishi_

Arena

504533045Analyzed
4v4 RM · 27d ago on Sep 5, 2026· 44m 56s· 8 players
Game mode
Random Map
Map size
Large (8 player)
Population
200
Speed
Normal
Resources
Standard
Victory
Conquest
Starting age
Dark Age
Ending age
Imperial Age
RankedLock teamsTeams togetherTeam positionsShared explorationLock speedFull tech treeHidden civsTurbo modeCheats
Victory
Defeat
🇨🇳 Berbers · China
1506
+9
🇭🇰 Persians · Hong Kong SAR China
1499
+9
🇨🇳 Inca · China
1384
+13
🇮🇳 Turks · India
1433
-15
🇯🇵 Chinese · Japan
1356
-11
🇨🇳 Vietnamese · China
1300
-9
🇨🇳 Bohemians · China
1235
-7
shi nong gong shang
0:33 Loom
10:46 Feudal Age
11:19 Double-Bit Axe
11:16 Horse Collar
13:27 Fletching
18:52 Castle Age
20:07 Bow Saw
19:59 Heavy Plow
22:52 Bodkin Arrow
26:31 Wheelbarrow
26:56 Gold Mining
31:00 Imperial Age
29:38 Padded Archer Armor
30:47 Leather Archer Armor
32:49 Chemistry
32:09 Ballistics
31:54 Bracer
32:25 Ring Archer Armor
31:47 Capped Ram
33:04 Siege Ram
34:40 Thumb Ring
36:14 Two-Man Saw
34:58 Elite Chu Ko Nu
37:46 Elite Skirmisher
_vishi_
10:29 Feudal Age
14:27 Castle Age
12:47 Double-Bit Axe
12:57 Horse Collar
15:24 Wheelbarrow
15:22 Bow Saw
27:21 Imperial Age
24:47 Loom
25:47 Hand Cart
26:25 Heavy Plow
26:41 Padded Archer Armor
26:34 Town Watch
27:43 Gold Mining
29:32 Two-Man Saw
29:47 Leather Archer Armor
31:22 Bloodlines
31:12 Husbandry
31:32 Stone Mining
32:18 Gold Shaft Mining
33:14 Ring Archer Armor
32:55 Forging
32:51 Scale Barding Armor
35:36 Iron Casting
34:45 Heavy Camel Rider
36:07 Thumb Ring
36:40 Chain Barding Armor
40:03 Plate Barding Armor
40:28 Blast Furnace
39:19 Fletching
39:30 Scale Mail Armor
你好
10:45 Feudal Age
11:25 Double-Bit Axe
14:26 Castle Age
12:10 Horse Collar
15:21 Bow Saw
15:14 Heavy Plow
19:58 Wheelbarrow
22:07 Gold Mining
23:03 Hand Cart
24:24 Loom
24:30 Stone Mining
24:42 Fletching
24:57 Padded Archer Armor
25:49 Ballistics
25:20 Fletching
26:09 Stone Shaft Mining
25:31 Town Watch
26:03 Leather Archer Armor
29:36 Imperial Age
27:24 Thumb Ring
26:40 Crossbowman
28:18 Bodkin Arrow
28:06 Treadmill Crane
28:13 Elite Skirmisher
29:27 Murder Holes
31:17 Chemistry
30:18 Bracer
29:42 Imperial Skirmisher
31:39 Paper Money
32:37 Ring Archer Armor
33:55 Crop Rotation
34:20 Pikeman
35:00 Squires
35:02 Scale Mail Armor
35:12 Forging
36:06 Fortified Wall
37:22 Halberdier
38:18 Chain Mail Armor
38:38 Iron Casting
39:24 Two-Man Saw
40:02 Plate Mail Armor
我要压力你了
10:34 Feudal Age
14:48 Castle Age
13:00 Double-Bit Axe
14:27 Horse Collar
16:25 Bow Saw
22:48 Wheelbarrow
24:26 Fervor
28:49 Imperial Age
27:45 Chemistry
27:30 Loom
28:00 Hand Cart
28:01 Scale Mail Armor
28:02 Padded Archer Armor
27:46 Treadmill Crane
28:05 Pikeman
29:04 Chain Mail Armor
30:46 Two-Man Saw
30:51 Conscription
30:36 Squires
31:01 Halberdier
32:15 Plate Mail Armor
31:55 Forging
36:47 Town Watch
37:39 Iron Casting
37:27 Wagenburg Tactics
42:51 Siege Engineers
1234yy
10:31 Feudal Age
14:46 Castle Age
13:10 Double-Bit Axe
13:45 Horse Collar
15:35 Bow Saw
19:58 Heavy Plow
21:00 Wheelbarrow
22:05 Loom
24:32 Loom
29:35 Imperial Age
27:55 Bloodlines
27:45 Husbandry
27:52 Scale Barding Armor
28:31 Forging
28:34 Stone Mining
28:34 Gold Mining
29:20 Chain Barding Armor
30:14 Iron Casting
31:09 Conscription
31:25 Plate Barding Armor
31:00 Light Cavalry
33:17 Blast Furnace
33:46 Elite War Elephant
夫国之有民,犹水之有舟,停则以安,扰则以危
10:46 Feudal Age
11:53 Double-Bit Axe
14:31 Castle Age
12:34 Horse Collar
15:31 Bow Saw
20:51 Wheelbarrow
21:36 Gold Mining
26:26 Imperial Age
24:20 Fletching
25:32 Ballistics
24:33 Crossbowman
25:11 Bodkin Arrow
25:18 Padded Archer Armor
27:23 Bracer
28:02 Hand Cart
28:04 Thumb Ring
27:54 Arbalester
29:50 Chemistry
30:01 Leather Archer Armor
31:19 Loom
31:19 Town Watch
31:27 Elite Skirmisher
31:55 Heavy Cavalry Archer
32:41 Bolt Magazine
33:54 Ring Archer Armor
34:28 Conscription
36:02 Two-Man Saw
36:25 Hoardings
38:14 Siege Engineers
38:37 Heavy Plow
39:15 Elite White Feather Guard
39:56 Coiled Serpent Array
39:58 Scale Mail Armor
40:08 Forging
40:40 Coinage
40:49 Town Patrol
41:03 Capped Ram
42:48 Squires
42:33 Arson
42:10 Siege Ram
43:59 Chain Mail Armor
cookie tin
5:58 Loom
8:42 Feudal Age
9:17 Double-Bit Axe
10:16 Horse Collar
13:22 Fletching
15:01 Wheelbarrow
19:34 Town Watch
22:22 Castle Age
21:58 Gold Mining
22:00 Stone Mining
22:59 Bodkin Arrow
23:17 Bow Saw
23:46 Gold Shaft Mining
29:44 Imperial Age
28:49 Stone Shaft Mining
28:36 Padded Archer Armor
29:00 Ballistics
29:22 Kasbah
30:17 Masonry
31:07 Bracer
33:57 Chemistry
34:06 Fortified Wall
34:32 Treadmill Crane
39:20 Pikeman
42:20 Hand Cart
43:21 Elite Skirmisher
44:47 Leather Archer Armor
Pilgrims and Prodigals
10:50 Feudal Age
11:41 Double-Bit Axe
11:43 Horse Collar
15:14 Castle Age
16:18 Bow Saw
16:13 Heavy Plow
16:49 Wheelbarrow
23:00 Gold Mining
24:16 Hand Cart
24:59 Gold Shaft Mining
24:58 Stone Mining
29:06 Imperial Age
26:54 Loom
27:52 Stone Shaft Mining
27:25 Scale Mail Armor
27:35 Forging
28:41 Chain Mail Armor
29:36 Iron Casting
28:45 Pikeman
29:26 Squires
29:12 Champi Runner
30:23 Plate Mail Armor
29:19 Capped Ram
29:53 Champi Warrior
31:08 Conscription
30:51 Andean Sling
30:50 Fletching
31:01 Padded Archer Armor
30:53 Elite Skirmisher
31:43 Thumb Ring
31:17 Elite Genitour
33:14 Chemistry
32:44 Bodkin Arrow
33:38 Ballistics
33:52 Leather Archer Armor
33:38 Bracer
34:10 Halberdier
36:55 Onager
38:08 Ring Archer Armor
37:51 Elite Champi Warrior
39:25 Careening
42:44 Blast Furnace
43:49 Capped Ram
Connection lost

Rejoining the realm…

Still unreachable

The connection could not be restored.

Session expired

The server has moved on; the page needs a fresh start.